Map: King's Cove LE

Players

HeroMarine - Winner!

  • Race: Terran Terran
  • League: Master
  • Spawn Location: 11:00

soO

  • Race: Zerg Zerg
  • Spawn Location: 5:00

Event: HomeStory Cup XIX

VOD

Have the link to the VOD?

Description

Time

  • Played on: June 28, 2019, 12:33 p.m.
  • Length: 9:36

All games in this series

Show
View Real Time Build Order
Export as new Build Order

HeroMarine Terran - Winner!

Build Orders: Reaper Expand, Hellion Banshee 

Get SALT Encoding   

  12  0:00  SCV  
  13  0:13  SCV  
  14  0:17  Supply Depot  
  14  0:25  SCV  
  15  0:39  SCV  
  15  0:41  Barracks  
  16  0:45  Refinery  
  16  0:51  SCV  
  17  1:03  SCV  
  18  1:15  SCV  
  19  1:29  Orbital Command, Reaper  
  20  1:43  Command Center  
  20  1:53  Supply Depot  
  20  1:55  SCV  
  20  2:01  Marine  
  22  2:07  SCV  
  23  2:12  Factory  
  23  2:19  Refinery  
  23  2:20  SCV  
  23  2:22  Barracks Reactor  
  24  2:32  SCV  
  25  2:44  SCV  
  26  2:56  SCV  
  26  2:57  Orbital Command, Starport  
  27  3:05  Hellion x2  
  31  3:06  Marine  
  31  3:08  SCV  
  33  3:20  SCV  
  33  3:25  SCV  
  33  3:26  Hellion x2  
  39  3:29  Barracks Tech Lab  
  39  3:33  SCV  
  40  3:37  SCV  
  40  3:38  Viking, Supply Depot  
  43  3:45  SCV  
  44  3:49  SCV  
  45  3:59  Barracks Tech Lab, SCV  
  45  4:00  Hellion x2  
  45  4:01  SCV  
  45  4:02  Supply Depot  
  51  4:12  SCV  
  51  4:13  SCV  
  53  4:23  Banshee  
  53  4:24  SCV  
  57  4:25  SCV  
  57  4:26  Supply Depot  
  57  4:28  Marine  
  57  4:29  Stimpack  
  59  4:35  Factory Reactor  
  59  4:36  SCV  
  59  4:37  SCV  
  61  4:41  Command Center  
  61  4:46  Marine  
  61  4:48  SCV  
  61  4:50  SCV  
  64  4:53  Barracks  
  64  4:55  Barracks  
  63  5:00  SCV  
  63  5:02  SCV  
  63  5:04  Marine, Engineering Bay x2  
  66  5:12  SCV, Supply Depot  
  66  5:14  SCV  
  68  5:20  Starport Reactor  
  68  5:22  Marine  
  68  5:23  Factory Reactor  
  68  5:24  SCV  
  68  5:27  Refinery x2  
  70  5:33  SCV  
  70  5:36  SCV  
  70  5:45  Marine  
  70  5:46  SCV  
  70  5:48  SCV  
  70  5:49  Marine x4  
  53  5:58  SCV  
  53  6:00  SCV  
  53  6:03  Marine  
  53  6:07  Marine x3  
  52  6:17  Medivac  
  46  6:19  Medivac  
  46  6:21  Marine  
  46  6:25  Marine x2  
  47  6:28  SCV x2  
  44  6:38  Siege Tank  
  44  6:39  Marine  
  48  6:40  SCV x2  
  48  6:41  Marine x2  
  48  6:42  Combat Shield, Marine  
  48  6:43  Marine  
  48  6:47  Supply Depot, Medivac  
  54  6:49  Medivac  
  58  6:57  Marine  
  58  6:59  Marine x2  
  58  7:00  Marine  
  58  7:01  Marine  
  63  7:05  SCV  
  63  7:06  SCV  
  63  7:07  Terran Infantry Weapons Level 1  
  65  7:10  Supply Depot  
  65  7:14  Marine  
  66  7:17  Marine x2  
  66  7:18  Marine x2, SCV x2  
  66  7:21  Siege Tank  
  75  7:32  Marine  
  75  7:35  Marine x2, SCV x2  
  75  7:36  Marine  
  81  7:50  Marine x2  
  82  7:52  Marine  
  82  7:56  Marine x2  
  85  8:02  Medivac  
  85  8:04  Supply Depot, Medivac  
  87  8:08  Marine x2  
  87  8:10  Marine  
  87  8:12  SCV  
  87  8:13  SCV  
  87  8:14  Marine x2  
  87  8:16  Siege Tank  
  93  8:25  Marine  
  93  8:26  Marine  
  95  8:28  Marine  
  95  8:29  Supply Depot  
  95  8:32  Marine  
  95  8:33  Marine  
  98  8:37  Supply Depot, Medivac  
  100  8:43  Medivac  
  102  8:50  Supply Depot  
  102  8:51  Marine x3  
  105  9:00  Marine x2  
  107  9:09  Marine x3  
  94  9:18  Marine  
Show
View Real Time Build Order
Export as new Build Order

soO Zerg 

Build Orders: Hatch First 

Get SALT Encoding   

  12  0:00  Drone  
  13  0:12  Overlord  
  13  0:17  Drone  
  14  0:30  Drone x2  
  16  0:49  Hatchery  
  15  0:52  Drone  
  15  0:55  Drone  
  17  0:59  Drone  
  18  1:09  Extractor  
  17  1:15  Spawning Pool  
  17  1:18  Drone  
  17  1:21  Drone  
  18  1:29  Drone  
  19  1:39  Drone  
  20  1:49  Overlord  
  20  2:01  Queen x2  
  20  2:02  Zergling x4  
  26  2:10  Metabolic Boost  
  26  2:12  Drone  
  26  2:14  Drone  
  28  2:30  Drone x2  
  30  2:37  Queen  
  30  2:39  Overlord  
  32  2:48  Drone x2  
  32  2:49  Drone  
  35  2:56  Drone  
  36  3:01  Drone  
  36  3:04  Drone  
  38  3:12  Drone  
  39  3:16  Queen  
  39  3:17  Overlord  
  41  3:22  Drone  
  42  3:28  Zergling x4  
  42  3:30  Hatchery  
  42  3:33  Overlord  
  43  3:34  Overlord  
  43  3:36  Drone  
  43  3:38  Drone  
  45  3:43  Extractor, Roach Warren  
  45  3:46  Drone x2  
  45  3:49  Drone  
  45  3:51  Drone  
  45  3:52  Drone  
  48  3:59  Queen  
  48  4:01  Drone x2  
  52  4:15  Overlord  
  52  4:23  Roach  
  52  4:24  Roach x4  
  62  4:31  Roach x3  
  68  4:36  Roach x2  
  72  4:41  Overlord  
  72  4:59  Zergling x14  
  78  5:02  Overlord  
  78  5:05  Zergling x2  
  78  5:06  Zergling x6  
  82  5:19  Overlord x2  
  82  5:20  Overlord  
  82  5:23  Ravager x3  
  82  5:26  Zergling x10  
  82  5:27  Overlord  
  90  5:28  Overlord  
  90  5:32  Overlord  
  90  5:39  Overlord  
  90  5:41  Ravager  
  89  5:45  Zergling x2  
  89  5:46  Zergling x6  
  89  5:49  Zergling x2  
  89  5:53  Zergling x2  
  89  5:54  Zergling x4  
  89  5:56  Zergling x2  
  76  6:12  Zergling x2  
  76  6:17  Zergling x2  
  66  6:19  Drone  
  66  6:22  Drone x5  
  66  6:24  Drone x2  
  67  6:25  Drone x7  
  67  6:31  Drone  
  67  6:33  Drone x2, Lair  
  69  6:41  Drone, Evolution Chamber  
  69  6:45  Drone x2, Evolution Chamber  
  70  6:50  Baneling Nest  
  70  6:51  Drone  
  70  6:53  Drone  
  71  6:55  Drone x2  
  71  6:56  Drone  
  71  6:58  Drone x2  
  71  7:00  Drone, Hatchery  
  76  7:01  Drone  
  77  7:10  Zerg Melee Weapons Level 1  
  77  7:12  Zerg Ground Armor Level 1  
  77  7:13  Extractor  
  77  7:14  Zergling x2  
  77  7:15  Zergling x8, Extractor  
  80  7:20  Zergling x10  
  80  7:21  Zergling x2  
  84  7:30  Roach x5  
  84  7:32  Roach  
  84  7:33  Roach  
  84  7:35  Baneling x4  
  84  7:37  Roach  
  86  7:55  Overlord  
  86  7:56  Overlord  
  86  7:57  Overlord  
  86  7:59  Overlord  
  86  8:00  Overlord  
  86  8:08  Overlord  
  86  8:10  Centrifical Hooks, Overlord  
  86  8:12  Overlord  
  86  8:13  Drone x5  
  86  8:14  Drone x2  
  86  8:16  Ravager  
  94  8:20  Queen  
  94  8:23  Drone x2  
  94  8:24  Drone  
  94  8:25  Drone x3  
  102  8:31  Zergling x2  
  102  8:32  Ravager  
  104  8:34  Zergling x4  
  104  8:35  Zergling x2  
  104  8:37  Zergling x2, Ravager  
  108  8:42  Ravager  
  108  8:45  Zergling x6  
  108  8:47  Zergling x2  
  113  8:57  Zergling x12  
  114  9:03  Zergling x2  
  114  9:09  Zergling x10  
  112  9:13  Zergling x10  
  102  9:18  Zergling x2  
Tags
 
Add a new tag
Caveats
  • Supply blocks, unpowered buildings, or Contaminate may cause inaccurate times.
  • Supply counts are checked every 10 seconds.